Match 47366827
Unlisted

Match 47366827
End
Kradschützen Motorcycle Team
Panzerpioneer Squad
Panzerpioneer Squad
Panzerpioneer Squad
Construct Light Support Kompanie
2.5-tonne Medical Truck
MG34 Team
Fire Support Elements
Selects Armored Support Battlegroup
Selects Salvage Kits
Flakvierling Half-track
Veteran Squad Leaders
2.5-tonne Medical Truck
Selects Veteran Gunners
Vehicle Survival Package
Panzerpioneer Squad
le.IG 18 Mechanized Group
Construct Panzerarmee Kommand
Panzerpioneer Squad
Panzer III L Medium Tank
Selects Flammpanzer III Medium Tank
Forward Retreat Point
Rapid Advance
Panzer III L Medium Tank
MG34 Team
Selects Command Panzer IV F Medium Tank
Command Panzer IV F Medium Tank
Selects Panzer Storm
Panzer III L Medium Tank
Panzer III L Medium Tank
Selects Stuka Anti-tank Loiter
Stuka Anti-tank Loiter
Panzer Storm
Panzer III L Medium Tank
Tungsten Core Ammunition
Construct Mechanized Kompanie
Rain&Summer
亚洲力量弹簧勾八
lemyou1
长崎家爱音
BruceMao
tibagon
MINK IS GOLD
F
0
0

Comments sign in to comment!

No comments posted yet!